 Dungeon Crawl Stone Soup version 0.28.0-43-g3370ac3207 (webtiles) character file.

Game seed: 18251457208025741270

1009 crimpus the Cleaver (level 8, -2/75 HPs)
             Began as a Minotaur Berserker on Mar 15, 2022.
             Was a Believer of Trog.
             Slain by a bullfrog skeleton (7 damage)
             ... on level 6 of the Dungeon.
             The game lasted 00:06:36 (4954 turns).

crimpus the Cleaver (Minotaur Berserker)            Turns: 4954, Time: 00:06:37

Health: -2/75      AC:  0    Str: 25    XL:     8   Next: 1%
Magic:  7/7        EV: 15    Int:  4    God:    Trog [**....]
Gold:   261        SH:  0    Dex:  9    Spells: 7/7 levels left

rFire   . . .      SeeInvis .   a - +1 hand axe
rCold   . . .      Faith    .   (no shield)
rNeg    . . .      Spirit   .   c - +1 scale mail
rPois   .          Reflect  .   (helmet restricted)
rElec   .          Harm     .   (no cloak)
rCorr   .          Rampage  .   (no gloves)
Will    .....                   (no boots)
Stlth   ..........              (no amulet)
HPRegen 0.22/turn               p - +4 ring of evasion
MPRegen 0.10/turn               (no ring)

@: corroded, on berserk cooldown, hasted and slowed, studying Fighting
A: horns 2, retaliatory headbutt, talons 1, deterioration 1, subdued magic 1
a: Renounce Religion, Berserk, Trog's Hand


You were on level 6 of the Dungeon.
You worshipped Trog.
Trog was pleased with you.
You visited 1 branch of the dungeon, and saw 6 of its levels.

You collected 261 gold pieces.

Inventory:

Hand Weapons
 a - a +1 hand axe (weapon)
Armour
 c - a +1 scale mail (worn)
Jewellery
 l - a +4 ring of protection
 p - a +4 ring of evasion (left hand)
Wands
 b - a wand of iceblast (9)
Scrolls
 d - 2 scrolls of teleportation
 f - a scroll of magic mapping
 g - 3 scrolls of noise
 k - 2 scrolls of enchant weapon
Potions
 h - a potion of heal wounds {unknown}
 i - a potion of cancellation {unknown}
 j - a potion of mutation
 m - a potion of invisibility {unknown}
 o - 2 potions of curing {unknown}
 q - a potion of attraction {unknown}
 s - a potion of brilliance {unknown}


   Skills:
 * Level 8.3 Fighting
 + Level 8.4 Axes
 - Level 5.3 Armour
 - Level 3.0 Dodging
 - Level 0.3 Stealth


You had 7 spell levels left.
You didn't know any spells.
Your spell library was empty.

Dungeon Overview and Level Annotations

Branches:
Dungeon (6/15)             Temple (0/1) D:5

Altars:
Makhleb
Vehumet
Xom

Shops:
D:4 ?[


Innate Abilities, Weirdness & Mutations

You have a pair of horns on your head.
You reflexively headbutt those who attack you in melee.
You have sharp toenails.
Your body sometimes deteriorates upon taking damage.
Your spells are a little easier to cast, but a little less powerful.


Message History

You feel your anger nearly subside.
You are no longer berserk.
You are exhausted.
You feel yourself slow down.
You start resting.
A bullfrog skeleton comes into view.
A bullfrog skeleton is nearby!
A bullfrog skeleton is nearby!
A bullfrog skeleton is nearby!
The bullfrog skeleton hits you!
* * * LOW HITPOINT WARNING * * *
The bullfrog skeleton hits you.
* * * LOW HITPOINT WARNING * * *
You hit the bullfrog skeleton.
The bullfrog skeleton is lightly damaged.
The bullfrog skeleton hits you.
* * * LOW HITPOINT WARNING * * *
The bullfrog skeleton completely misses you.
You hit the bullfrog skeleton but do no damage.
The bullfrog skeleton is lightly damaged.
The bullfrog skeleton misses you.
You barely miss the bullfrog skeleton.
You headbutt the bullfrog skeleton, but do no damage.
The bullfrog skeleton is lightly damaged.
The bullfrog skeleton hits you.
* * * LOW HITPOINT WARNING * * *
The bullfrog skeleton hits you.
* * * LOW HITPOINT WARNING * * *
You feel yourself speed up.
The bullfrog skeleton completely misses you.
You furiously retaliate!
You headbutt the bullfrog skeleton, but do no damage.
The bullfrog skeleton hits you.
* * * LOW HITPOINT WARNING * * *
It was a potion of mutation.
You feel extremely strange.
You feel yourself wasting away.
Your connection to magic feels subdued.
Your toenails lengthen and sharpen.
The bullfrog skeleton closely misses you.
You furiously retaliate!
You headbutt the bullfrog skeleton! The bullfrog skeleton hits you!
You die...

..Z.....†>.......<.....#
.........#....#.#...####
#...###..#............##
#........#.#######......
##.####..#.# ### #......
#..........#######..####
#.#####....'.._..+..####
....###Z...###.###......
.......@...# #.# #......
..#######..###+###.#####
##.........# #.#..######
#######.## ........#
#######.# ###


You could see a bullfrog skeleton.

Vanquished Creatures
  Eustachio (D:4)
  An ice beast (D:5)
  2 ogres (D:4)
  A sky beast (D:5)
  2 necrophages
  A howler monkey (D:5)
  A hound (D:5)
  A jelly (D:6)
  A scorpion zombie (D:5)
  An orc wizard (D:5)
  An iguana (D:3)
  A hound zombie (D:5)
  7 adders
  A howler monkey skeleton (D:4)
  A shadow imp (D:5)
  An adder skeleton (D:4)
  4 dart slugs
  10 orcs
  6 bats
  3 endoplasms
  7 giant cockroaches
  10 hobgoblins
  5 jackals
  8 kobolds
  3 quokkas
  7 ball pythons
  2 frilled lizards (D:2)
  4 goblins
  3 rats
96 creatures vanquished.

Notes
Turn   | Place    | Note
-------+----------+-------------------------------------------
     0 | D:1      | crimpus the Minotaur Berserker began the quest for the Orb.
     0 | D:1      | Reached XP level 1. HP: 19/19 MP: 0/0
   214 | D:1      | Reached XP level 2. HP: 25/27 MP: 1/1
   484 | D:1      | Reached ** piety under Trog
   487 | D:1      | Reached XP level 3. HP: 31/33 MP: 2/2
   905 | D:2      | Found a faded altar of an unknown god.
  1919 | D:3      | Reached XP level 4. HP: 40/41 MP: 3/3
  1936 | D:3      | Reached skill level 5 in Axes
  2469 | D:3      | Found a shimmering altar of Xom.
  2478 | D:3      | Found a radiant altar of Vehumet.
  2746 | D:4      | Noticed Eustachio
  2759 | D:4      | Killed Eustachio
  2760 | D:4      | Reached XP level 5. HP: 47/47 MP: 4/4
  2829 | D:4      | Reached XP level 6. HP: 55/55 MP: 5/5
  2946 | D:4      | Reached skill level 5 in Fighting
  3146 | D:4      | Found Uxkewnazoa's Magic Scroll Boutique.
  3576 | D:4      | Reached skill level 5 in Armour
  3722 | D:4      | Found Xafotoda's Antique Armour Boutique.
  3859 | D:5      | Entered Level 5 of the Dungeon
  4011 | D:5      | Reached XP level 7. HP: 57/61 MP: 6/6
  4018 | D:5      | Identified a scroll of acquirement
  4018 | D:5      | Acquired a manual of Fighting
  4554 | D:5      | Found a staircase to the Ecumenical Temple.
  4913 | D:6      | Found a burning altar of Makhleb.
  4938 | D:6      | Reached XP level 8. HP: 39/75 MP: 7/7
  4954 | D:6      | Gained mutation: Your body sometimes deteriorates upon
                  | taking damage. [potion of mutation]
  4954 | D:6      | Gained mutation: Your spells are a little easier to cast,
                  | but a little less powerful. [potion of mutation]
  4954 | D:6      | Gained mutation: You have sharp toenails. [potion of
                  | mutation]
  4954 | D:6      | Slain by a bullfrog skeleton

Illustrated notes

Levels and vault maps discovered:
D:1:      dpeg_arrival_castle, layout_basic, minmay_worlds_worst_comb
D:2:      layout_loops_corners, shapermc_ecumenical_altar_venn
D:3:      layout_basic, mainiacjoe_overflow_large_starburst, minmay_quantized
D:4:      layout_basic, serial_shops, nicolae_shop_behind_doors,
          kennysheep_little_box, kennysheep_decorative_pillar,
          minmay_misc_feat_tiny, chequers_serial_rivers_micro_a, wad_orctagon,
          uniq_eustachio
D:5:      layout_loops_ring, minmay_temple_entry_enclosed_plants, serial_rivers,
          chequers_serial_rivers_micro_a, chequers_serial_rivers_marsh,
          chequers_serial_rivers_small_a, chequers_serial_rivers_large_a,
          chequers_serial_rivers_small_3, chequers_serial_rivers_micro_d
D:6:      layout_basic, lemuel_doored_altar, portal_sewer_entry_b,
          roderic_serpentine_path, uniq_maggie

Skill      XL: |  1  2  3  4  5  6  7 |
---------------+----------------------+-----
Axes           | 4 5 6 8 |  8.4
Fighting       | 4 5 8 |  8.3
Armour         | 4 5 |  5.3
Dodging        | 3 |  3.0
Stealth        | |  0.3

Action                   |  1- 3 |  4- 6 |  7- 9 || total
-------------------------+-------+-------+-------++-------
Melee: Hand axe          |    95 |   105 |    62 ||   262
       Headbutt          |    12 |    19 |    16 ||    47
       Punch             |     1 |     1 |     1 ||     3
Invok: Berserk           |     2 |     2 |     1 ||     5
       Trog's Hand       |       |     1 |       ||     1
  Use: Scroll            |       |       |     9 ||     9
       Potion            |       |       |     3 ||     3
Armor: Animal skin       |     5 |       |       ||     5
       Scale mail        |    33 |    40 |    23 ||    96
Dodge: Dodged            |    62 |    49 |    30 ||   141
